 Dungeon Crawl Stone Soup version 0.32-a0-918-g0f22ef8d61 (webtiles) character file.

Game seed: 5856818009143939548

11704 osoart the Nimble (level 11, -2/86 HPs)
             Began as a Demonspawn Gladiator on Apr 10, 2024.
             Was a Believer of Lugonu.
             Slain by a +3 glaive of flaming (8 damage)
             ... created by the rancor of the Wu Jian Council
             ... on level 11 of the Dungeon.
             The game lasted 00:30:58 (8813 turns).

osoart the Nimble (Demonspawn Gladiator)            Turns: 8813, Time: 00:30:58

Health: -2/86      AC: 20    Str: 16    XL:     11   Next: 52%
Magic:  11/11      EV: 13    Int:  8    God:    Lugonu [**....]
Gold:   601        SH:  5    Dex: 18    Spells: 10/10 levels left

rFire   + . .        g - +1 morningstar (protect)
rCold   . . .        (no shield)
rNeg    . . .        l - +4 scale mail
rPois   +            c - +2 helmet
rElec   .            i - +1 cloak {rPois}
rCorr   .            (no gloves)
SInv    .            E - +0 pair of boots
Will    .....        z - amulet of reflection Stlth
                     o - +4 ring of slaying
HPRegen 0.34/turn    x - ring "Kemyzob" {rPois Slay+2}
MPRegen 0.12/turn

%: reflection
@: corroded, under a protective aura
A: molten scales 3, icemail 1, spiny 2, condensation shield
a: Renounce Religion, Depart the Abyss, Banish


You were on level 11 of the Dungeon.
You worshipped Lugonu.
Lugonu was pleased with you.
You visited 2 branches of the dungeon, and saw 12 of its levels.
You visited the Abyss 1 time.

You collected 741 gold pieces.
You spent 140 gold pieces at shops.

Inventory:

Hand Weapons
 a - a +0 long sword
 f - a +0 sling
 g - a +1 morningstar of protection (weapon)
Missiles
 d - 3 throwing nets
 e - 4 javelins (quivered)
Armour
 c - a +2 helmet (worn)
 i - a +1 cloak of poison resistance (worn)
 l - a +4 scale mail (worn)
 E - a +0 pair of boots (worn)
Jewellery
 o - a +4 ring of slaying (left hand)
 v - a +4 ring of protection
 x - the ring "Kemyzob" (right hand) {rPois Slay+2}
   (You bought it in a shop on level 6 of the Dungeon)

   [ring of poison resistance]

   Slay+2:    It affects your accuracy & damage with ranged weapons and melee
   (+2).
   rPois:     It protects you from poison.
 z - an amulet of reflection (around neck)
 D - an amulet of the acrobat
Wands
 m - a wand of digging (6)
 p - a wand of roots (19)
 s - a wand of mindburst (23)
 u - a wand of paralysis (7)
 A - a wand of flame (14)
Scrolls
 r - a scroll of teleportation
 y - a scroll of amnesia
 B - a scroll of blinking
 F - a scroll of enchant armour
Potions
 b - 2 potions of resistance
 h - a potion of haste
 j - 4 potions of curing
 k - 2 potions of ambrosia
 n - 2 potions of enlightenment
 q - a potion of might
 t - 2 potions of mutation
 w - 2 potions of magic
 C - a potion of lignification


   Skills:
 + Level 7.9 Fighting
 - Level 5.3 Long Blades
 + Level 7.9 Maces & Flails
 - Level 1.2 Ranged Weapons
 - Level 1.7 Throwing
 + Level 4.9 Armour
 + Level 9.0 Dodging
 * Level 7.2 Unarmed Combat


You had 10 spell levels left.
You didn't know any spells.
Your spell library contained the following spells:

 Spells                   Type           Power      Damage    Failure   Level
 Sting                    Conj/Alch      0%         1d3       82%         1
 Mercury Vapours          Alch/Air       0%         N/A       91%         2
 Sublimation of Blood     Necr           0%         N/A       91%         2
 Olgreb's Toxic Radiance  Alch           0%         N/A       100%        4
 Petrify                  Alch/Erth      0%         N/A       100%        4
 Irradiate                Conj/Alch      0%         3d11      100%        5


Dungeon Overview and Level Annotations

Branches:
Dungeon (11/15)            Temple (1/1) D:7            Lair (0/5) D:8
    Orc: D:9-12

Altars:
Ashenzari
Cheibriados
Dithmenos
Fedhas
Gozag
Hepliaklqana
Kikubaaqudgha
Makhleb
Nemelex Xobeh
Okawaru
Qazlal
Ru
Sif Muna
Trog
Uskayaw
Vehumet
Wu Jian
Xom
Yredelemnul

Shops:
D:6 *

Annotations:
D:5 1 runed translucent door
D:8 lair
D:10 Erolcha


Innate Abilities, Weirdness & Mutations

You are completely covered in molten scales. (AC +4, rF+)
A meltable icy envelope protects you from harm. (AC +0)
You are mostly covered in sharp spines.
A meltable shield of frost defends you. (SH +0)


Message History

Lugonu does not welcome meddling.
The heavy great sword is devoured by a tear in reality.
The heavy rapier is devoured by a tear in reality.
A +3 glaive of flaming comes into view.
The +3 glaive of flaming hits you from afar!
Your icy defences dissipate!
The +3 glaive of flaming burns you. The +3 glaive of flaming hits you!
The +3 glaive of flaming burns you.
You hit the +3 glaive of flaming but do no damage.
Your weapon exudes an aura of protection.
The +3 glaive of flaming is struck by your spines.
The +3 glaive of flaming hits you. The +3 glaive of flaming burns you.
You block the +3 glaive of flaming's attack.
You completely miss the +3 glaive of flaming.
The +3 glaive of flaming is lightly damaged.
The +3 glaive of flaming hits you!
You hit the +3 glaive of flaming but do no damage.
The +3 glaive of flaming is lightly damaged.
The +3 glaive of flaming is struck by your spines.
The +3 glaive of flaming hits you.
The +3 glaive of flaming hits you but does no damage.
You hit the +3 glaive of flaming but do no damage.
The +3 glaive of flaming is heavily damaged.
You block the +3 glaive of flaming's attack.
You hit the +3 glaive of flaming but do no damage.
The +3 glaive of flaming is heavily damaged.
The +3 glaive of flaming completely misses you.
You hit the +3 glaive of flaming.
The +3 glaive of flaming is severely damaged.
The +3 glaive of flaming hits you.
You block the +3 glaive of flaming's attack.
You barely miss the +3 glaive of flaming.
The +3 glaive of flaming is heavily damaged.
The +3 glaive of flaming hits you!!
* * * LOW HITPOINT WARNING * * *
You hit the +3 glaive of flaming.
The +3 glaive of flaming is almost destroyed.
You block the +3 glaive of flaming's attack.
The +3 glaive of flaming hits you!
You die...

#...###'#
#.###...#.....
#.#...........
#.#..........
#............
#........#
#.###.......#
#.........>.#
######.@.>..#
#.(....#
##.#.### #.#.#
#.#.# ..#.#
###.# #.# #.#


You could see a +3 glaive of flaming.

Vanquished Creatures
  A two-headed ogre (D:10)
  A tengu warrior (D:10)
  A dancing weapon (D:11)
  The ghost of Shayle the Apothecary, a novice CoAl (D:5)
  An ugly thing (D:11)
  6 trolls
  A hellwing (Abyss:2)
  A hornet (D:9)
  A wraith (D:10)
  6 wyverns
  17 yaks
  6 humans (D:9)
  2 steam dragons
  Edmund (D:6)
  2 acid dragons
  2 water moccasins (D:6)
  2 ice beasts (D:6)
  3 orc warriors
  2 ogres
  A black bear (D:5)
  A wolf (D:8)
  A centaur (D:8)
  3 phantoms
  Blork the orc (D:6)
  2 gnoll sergeants
  3 bullfrogs
  A scorpion (D:5)
  6 killer bees
  An electric eel (D:7)
  6 howler monkeys
  2 jellies (D:6)
  3 orc priests (D:7)
  2 gnoll boudas
  5 hounds
  2 iguanas (D:5)
  A sleepcap (D:6)
  Terence (D:3)
  7 orc wizards
  12 gnolls
  8 adders
  A shadow imp (D:6)
  2 white imps (D:7)
  2 ufetubi (Abyss:2)
  2 dart slugs
  3 ribbon worms
  24 orcs
  8 ball pythons
  4 bats
  6 endoplasms
  6 giant cockroaches
  5 goblins
  5 hobgoblins
  3 quokkas
  3 frilled lizards (D:2)
  8 kobolds
  4 rats
212 creatures vanquished.

Vanquished Creatures (others)
  A gnoll (D:8)
1 creature vanquished.

Grand Total: 213 creatures vanquished

Notes
Turn   | Place    | Note
-------+----------+-------------------------------------------
     0 | D:1      | osoart the Demonspawn Gladiator began the quest for the
                  | Orb.
     0 | D:1      | Reached XP level 1. HP: 16/16 MP: 1/1
   305 | D:1      | Reached skill level 3 in Dodging
   305 | D:1      | Gained mutation: You are partially covered in molten
                  | scales. (AC +2) [demonic ancestry]
   305 | D:1      | Reached XP level 2. HP: 22/22 MP: 2/2
   767 | D:2      | Gained mutation: You are partially covered in sharp spines.
                  | [demonic ancestry]
   767 | D:2      | Reached XP level 3. HP: 28/28 MP: 3/3
  1314 | D:3      | Identified a scroll of acquirement
  1314 | D:3      | Acquired a +1 cloak of poison resistance
  1326 | D:3      | Reached XP level 4. HP: 32/34 MP: 4/4
  1346 | D:3      | Reached skill level 1 in Ranged Weapons
  1508 | D:3      | Noticed Terence
  1534 | D:3      | Killed Terence
  2134 | D:4      | Reached skill level 4 in Dodging
  2134 | D:4      | Gained mutation: A meltable shield of frost defends you.
                  | (SH +0) [demonic ancestry]
  2134 | D:4      | Reached XP level 5. HP: 40/40 MP: 5/5
  2146 | D:4      | Found a burning altar of Makhleb.
  2183 | D:4      | Found an ornate altar of the Wu Jian Council.
  2192 | D:4      | Became a worshipper of the Wu Jian Council
  2395 | D:4      | Found a sacrificial altar of Ru.
  2958 | D:5      | Entered Level 5 of the Dungeon
  2959 | D:5      | Found a runed translucent door.
  2973 | D:5      | Noticed Shayle's ghost (novice CoAl)
  3007 | D:5      | Reached skill level 1 in Maces & Flails
  3201 | D:5      | Found a runed translucent door.
  3294 | D:5      | Noticed a phantom
  3298 | D:5      | Killed a phantom
  3299 | D:5      | Reached XP level 6. HP: 47/47 MP: 6/6
  3547 | D:5      | Reached skill level 5 in Dodging
  3569 | D:5      | Gained mutation: You are mostly covered in molten scales.
                  | (AC +3) [demonic ancestry]
  3569 | D:5      | Reached XP level 7. HP: 43/53 MP: 7/7
  4148 | D:6      | Gained mutation: A meltable icy envelope protects you from
                  | harm. (AC +0) [demonic ancestry]
  4148 | D:6      | Reached XP level 8. HP: 60/60 MP: 8/8
  4156 | D:6      | Found a stormy altar of Qazlal.
  4169 | D:6      | Reached skill level 6 in Dodging
  4379 | D:6      | Reached * piety under Wu Jian
  4439 | D:6      | Noticed Edmund
  4439 | D:6      | Noticed Blork the orc
  4473 | D:6      | Killed Edmund
  4603 | D:6      | Killed Blork the orc
  4633 | D:6      | Found Vawub's Assorted Antiques.
  4643 | D:6      | Bought a scroll of identify for 40 gold pieces
  4643 | D:6      | Bought a heavily runed platinum ring for 100 gold pieces
  4643 | D:6      | Identified the ring "Kemyzob" {rPois Slay+2} (You bought it
                  | in a shop on level 6 of the Dungeon)
  4795 | D:5      | Killed Shayle's ghost
  4796 | D:5      | Reached skill level 5 in Fighting
  4796 | D:5      | Reached skill level 5 in Long Blades
  4796 | D:5      | Reached skill level 5 in Maces & Flails
  4796 | D:5      | Reached skill level 7 in Dodging
  4796 | D:5      | Gained mutation: You are completely covered in molten
                  | scales. (AC +4, rF+) [demonic ancestry]
  4796 | D:5      | Reached XP level 9. HP: 48/68 MP: 9/9
  5042 | D:7      | Found a staircase to the Ecumenical Temple.
  5095 | D:7      | Reached ** piety under Wu Jian
  5438 | D:7      | Found a blossoming altar of Fedhas.
  5982 | Temple   | Entered the Ecumenical Temple
  6111 | D:8      | Reached skill level 1 in Unarmed Combat
  6144 | D:8      | Reached skill level 1 in Armour
  6253 | D:8      | Noticed a troll
  6268 | D:8      | Killed a troll
  6289 | D:8      | Found a staircase to the Lair.
  6857 | D:9      | Reached XP level 10. HP: 75/76 MP: 10/10
  7000 | D:9      | Found a sparkling altar of Nemelex Xobeh.
  7111 | D:9      | Reached skill level 8 in Dodging
  7182 | D:9      | Reached *** piety under Wu Jian
  7289 | D:9      | Reached skill level 5 in Unarmed Combat
  7524 | D:10     | Entered Level 10 of the Dungeon
  7601 | D:10     | Noticed a two-headed ogre
  7783 | D:10     | Noticed a tengu warrior
  7787 | D:10     | Gained mutation: You are mostly covered in sharp spines.
                  | [demonic ancestry]
  7787 | D:10     | Reached XP level 11. HP: 53/84 MP: 11/11
  7801 | D:10     | Killed a tengu warrior
  7810 | D:10     | Killed a two-headed ogre
  7947 | D:10     | Noticed a two-headed ogre
  7947 | D:10     | Noticed Erolcha
  7957 | Abyss:2  | Cast into level 2 of the Abyss (Erolcha)
  7992 | Abyss:2  | Noticed a starcursed mass
  8001 | Abyss:2  | Paralysed by accursed screaming for 1 turns
  8043 | Abyss:2  | Found a corrupted altar of Lugonu.
  8065 | Abyss:2  | Found a corrupted altar of Lugonu.
  8079 | Abyss:2  | Found a corrupted altar of Lugonu.
  8081 | Abyss:2  | Fell from the grace of Wu Jian
  8081 | Abyss:2  | Became a worshipper of Lugonu the Unformed
  8081 | Abyss:2  | Reached * piety under Lugonu
  8081 | Abyss:2  | Reached ** piety under Lugonu
  8082 | D:10     | Escaped the Abyss
  8475 | D:10     | Noticed a brown ugly thing
  8476 | D:10     | Noticed a white ugly thing
  8493 | D:11     | Killed a brown ugly thing
  8652 | D:11     | Banished a glaive of flaming
  8652 | D:11     | Banished a great sword of electrocution
  8652 | D:11     | Banished a quarterstaff of flaming
  8652 | D:11     | Banished a heavy quarterstaff
  8659 | D:11     | Banished a heavy quarterstaff
  8659 | D:11     | Banished a broad axe of freezing
  8659 | D:11     | Banished a rapier of flaming
  8660 | D:11     | Noticed a +2 glaive of freezing
  8668 | D:11     | Killed a +2 glaive of freezing
  8740 | D:11     | Reached skill level 9 in Dodging
  8773 | D:11     | Banished a quarterstaff of freezing
  8773 | D:11     | Banished a heavy broad axe
  8773 | D:11     | Banished a broad axe of electrocution
  8802 | D:11     | Banished a heavy great sword
  8802 | D:11     | Banished a heavy rapier
  8803 | D:11     | Noticed a +3 glaive of flaming
  8813 | D:11     | Slain by a +3 glaive of flaming

Illustrated notes

Levels and vault maps discovered:
D:1:      saegor_arrival_under_anarchy, layout_basic, minmay_misc_feat_square
D:2:      minmay_razor_zed, layout_basic, nicolae_twisty_statue_hallways
D:3:      layout_basic, uniq_terence
D:4:      layout_basic, lemuel_round_altar, lightli_temple_of_fire,
          kennysheep_mini
D:5:      layout_loops_ring, ebering_ghost_sewer_f, hangedman_decor_growths,
          nicolae_letterblocks [nicolae_letter_subblock,
          nicolae_letter_subblock, nicolae_letter_subblock,
          nicolae_letter_subblock, nicolae_letter_subblock,
          nicolae_letter_subblock, nicolae_letter_subblock,
          nicolae_letter_subblock, nicolae_letter_subblock,
          nicolae_letter_subblock, nicolae_letter_subblock,
          nicolae_letter_subblock, nicolae_letter_subblock,
          nicolae_letter_subblock, nicolae_letter_subblock,
          nicolae_letter_subblock, nicolae_letter_subblock,
          nicolae_letter_subblock, nicolae_letter_subblock,
          nicolae_letter_subblock, nicolae_letter_subblock,
          nicolae_letter_subblock, nicolae_letter_subblock,
          nicolae_letter_subblock, nicolae_letter_subblock]
D:6:      layout_basic, general_overflow_altar,
          mainiacjoe_overflow_six_doors_small, serial_shops,
          nicolae_lakefront_shop, serial_corexii_hall, corexii_hall_statues_i,
          corexii_hall_statues_t, uniq_edmund, uniq_blork_the_orc
D:7:      statuecave_lemuel, layout_loops_ring, fedhas_altar_fruit_tree,
          minmay_temple_entry_arrows, hex_large, grunt_decor_mini_mirrors,
          reono_crystal_passage
D:8:      layout_loops_cross, erik_lair_island, minmay_misc_feat_tower
D:9:      layout_roguey, marbit_many_paths,
          serial_library_hellmonk_small_corner, minmay_ruffians
D:10:     minmay_the_grid_octo_tiled_octocenter
          [minmay_the_grid_octo_fat_diamond, minmay_the_grid_octo_empty,
          minmay_the_grid_octo_focus, minmay_the_grid_octo_teeth,
          minmay_the_grid_octo_prize_single_spiral,
          minmay_the_grid_square_5x5_empty,
          minmay_the_grid_square_5x5_hourglass,
          minmay_the_grid_square_5x5_shrine1,
          minmay_the_grid_square_5x5_intrusive_squares], layout_cross,
          item_on_display_a, uniq_erolcha
D:11:     old_forge, layout_basic
Temple:   regret_index_temple_generic_petals

Skill      XL: |  1  2  3  4  5  6  7  8  9 10 11 |
---------------+----------------------------------+-----
Dodging        | 3 4 5 7 8 9 |  9.0
Long Blades    | 3 4 5 |  5.3
Ranged Weapons | 1 |  1.2
Fighting       | 3 4 5 6 7 |  7.9
Maces & Flails | 1 2 3 5 6 7 |  7.9
Unarmed Combat | 3 6 7 |  7.2
Armour         | 2 4 |  4.9
Throwing       | |  1.7

Action                     |  1- 3 |  4- 6 |  7- 9 | 10-12 || total
---------------------------+-------+-------+-------+-------++-------
  Melee: Long sword        |    99 |    47 |       |       ||   146
         Morningstar       |       |    67 |   220 |   287 ||   574
 Invoke: Depart the Abyss  |       |       |       |     1 ||     1
Ability: Lunge             |       |     3 |    27 |    11 ||    41
         Whirlwind         |       |       |     3 |     4 ||     7
         Wall Jump         |       |       |     1 |     1 ||     2
    Use: Scroll            |     6 |     7 |     6 |     3 ||    22
         Potion            |       |       |       |     1 ||     1
   Stab: Sleeping          |     1 |       |       |       ||     1
 Armour: Leather armour    |    25 |       |       |       ||    25
         Ring mail         |    25 |    39 |       |       ||    64
         Scale mail        |       |    54 |   126 |   205 ||   385
  Dodge: Dodged            |    54 |    51 |    97 |   187 ||   389
  Block: Other             |       |    12 |    42 |   127 ||   181
         Reflection        |       |       |     1 |     3 ||     4

Table legend: (Time is in decaauts)
 A = Elapsed time spent in this place.
 B = Non-inter-level travel time spent in this place.
 C = Inter-level travel time spent in this place.
 D = Time resting spent in this place.
 E = Time spent auto-exploring this place.
 F = Levels seen in this place.
 G = Mean time per level.
                   A        B        C        D        E       F      G
               +--------+--------+--------+--------+--------+-----+--------+
         Total |   8975 |   8578 |    397 |    691 |   4965 |  13 |  690.4 |
       Dungeon |   8848 |   8451 |    397 |    691 |   4965 |  11 |  804.4 |
        Temple |      1 |      1 |      0 |      0 |      0 |   1 |    1.0 |
         Abyss |    125 |    125 |      0 |      0 |      0 |   1 |  125.0 |
               +--------+--------+--------+--------+--------+-----+--------+

Top non-repeatable levels by time:
     D:5: 1169 daAuts
     D:7: 1082 daAuts
     D:9: 986 daAuts
     D:3: 871 daAuts
     D:4: 845 daAuts
     D:6: 844 daAuts
     D:8: 767 daAuts
     D:2: 762 daAuts
    D:10: 646 daAuts
     D:1: 530 daAuts
    D:11: 339 daAuts
 Abyss:2: 125 daAuts
  Temple: 1 daAuts
